 Dungeon Crawl Stone Soup version 0.29.1-15-g9cfb28693d (webtiles) character file.

Game seed: 17508218580020820855

235 venomsnake the Trooper (level 5, -1/48 HPs)
             Began as a Minotaur Fighter on Mar 24, 2023.
             Slain by a gnoll
             ... wielding a +0 flail
              (10 damage)
             ... on level 4 of the Dungeon.
             The game lasted 00:08:01 (3018 turns).

venomsnake the Trooper (Minotaur Fighter)           Turns: 3018, Time: 00:08:02

Health: -1/48      AC: 12    Str: 22    XL:     5   Next: 76%
Magic:  4/4        EV:  7    Int:  5    God:
Gold:   67         SH:  6    Dex: 10    Spells: 4/4 levels left

rFire   . . .      SeeInvis .   s - +0 long sword
rCold   . . .      Faith    .   k - +2 buckler
rNeg    . . .      Spirit   .   g - +0 chain mail
rPois   .          Reflect  .   (helmet restricted)
rElec   .          Harm     .   (no cloak)
rCorr   .          Rampage  .   n - +2 pair of gloves
Will    .....                   (no boots)
Stlth   ..........              (no amulet)
HPRegen 0.16/turn               (no ring)
MPRegen 0.09/turn               (no ring)

@: no status effects
A: horns 2, retaliatory headbutt
a: no special abilities


You were on level 4 of the Dungeon.
You visited 1 branch of the dungeon, and saw 5 of its levels.

You collected 116 gold pieces.
You spent 49 gold pieces at shops.

Inventory:

Hand Weapons
 s - a +0 long sword (weapon)
Missiles
 a - a boomerang
 j - 50 stones (quivered)
 u - 8 poisoned darts
Armour
 g - a +0 chain mail (worn)
 k - a +2 buckler (worn)
 n - a +2 pair of gloves (worn)
Scrolls
 c - a scroll of magic mapping {unknown}
 f - a scroll of enchant armour {unknown}
 i - 2 scrolls of amnesia {unknown}
 l - 6 scrolls of identify {unknown}
 m - a scroll of teleportation {unknown}
 o - 2 scrolls of blinking {unknown}
 q - a scroll of summoning {unknown}
 r - a scroll of vulnerability {unknown}
 t - a scroll of brand weapon {unknown}
Potions
 b - 2 potions of haste {unknown}
 d - a potion of might
 e - a potion of curing {unknown}
 h - a potion of flight {unknown}
 p - a potion of heal wounds {unknown}


   Skills:
 * Level 5.4 Fighting
 + Level 3.3(3.7) Short Blades
 + Level 2.6(3.5) Long Blades
 + Level 4.5 Armour
 + Level 4.5 Shields


You had 4 spell levels left.
You didn't know any spells.
Your spell library contained the following spells:

 Spells                   Type           Power      Damage    Failure   Level
 Necrotise                Necr           0%         1d4       99%         1
 Sublimation of Blood     Necr           0%         N/A       100%        2
 Wereblood                Tmut           0%         N/A       100%        2
 Vampiric Draining        Necr           0%         2d6       100%        3
 Agony                    Necr           0%         N/A       100%        5
 Summon Hydra             Summ           0%         N/A       100%        7


Dungeon Overview and Level Annotations

Branches:
Dungeon (5/15)             Temple (0/1) D:4

Altars:

Shops:
D:2 (


Innate Abilities, Weirdness & Mutations

You have a pair of horns on your head.
You reflexively headbutt those who attack you in melee.


Message History

The gnoll hits you with a +0 flail! The gnoll hits you but does no damage.
You hit the gnoll but do no damage.
The gnoll is moderately wounded.
The gnoll hits you but does no damage.
The gnoll hits you from afar with a +0 spear.
You barely miss the gnoll.
The gnoll is moderately wounded.
The gnoll hits you from afar with a +0 spear.
The gnoll hits you but does no damage.
You are too injured to fight recklessly!
You are too injured to fight recklessly!
You are too injured to fight recklessly!
You are too injured to fight recklessly!
You are too injured to fight recklessly!
You barely miss the gnoll.
The gnoll is moderately wounded.
The gnoll hits you with a +0 flail. The gnoll hits you but does no damage.
You block the gnoll's attack. The gnoll hits you but does no damage.
The gnoll barely misses you. x2
You barely miss the gnoll.
The gnoll is moderately wounded.
You block the gnoll's attack. The gnoll closely misses you.
The gnoll hits you from afar with a +0 spear.
You barely miss the gnoll. Your headbutt misses the gnoll.
The gnoll is moderately wounded.
The gnoll hits you but does no damage.
The gnoll hits you from afar with a +0 spear.
The gnoll barely misses you.
You slash the gnoll!
The gnoll is almost dead.
The gnoll hits you with a +0 flail. The gnoll closely misses you.
You block the gnoll's attack.
You barely miss the gnoll.
The gnoll is almost dead.
The gnoll hits you with a +0 flail.
The gnoll hits you from afar with a +0 spear!
* * * LOW HITPOINT WARNING * * *
You block the gnoll's attack. The gnoll barely misses you.
The gnoll hits you with a +0 flail!
You die...

# ..## ....##...### #
#...####### #8...8# #
###.#.....# ##...## #
##.........# #...# #
##...#.#....## ##...##
..
.............####8...8#
..
....#.⌠.#......###...###
..#.......#....# #...##8
#...⌠.>@g...#..###......
..#.......#....##8......
....#.gg#...##.###......
.##............# #...##8
##.#.#.#####.###...###
#!....# #.##8...8# ##.#
## #.###...## #. #.#
#...# #.###...##


You could see 3 gnolls.

Vanquished Creatures
  A scorpion (D:5)
  2 orc wizards (D:5)
  A gnoll (D:4)
  2 adders
  4 worms
  2 dart slugs
  9 orcs
  4 endoplasms
  A giant cockroach (D:1)
  15 goblins
  6 hobgoblins
  2 jackals (D:2)
  7 kobolds
  3 quokkas
  5 ball pythons
  4 bats
  3 frilled lizards (D:1)
  9 rats
80 creatures vanquished.

Notes
Turn   | Place    | Note
-------+----------+-------------------------------------------
     0 | D:1      | venomsnake the Minotaur Fighter began the quest for the
                  | Orb.
     0 | D:1      | Reached XP level 1. HP: 19/19 MP: 0/0
   287 | D:1      | Reached XP level 2. HP: 27/27 MP: 1/1
   307 | D:1      | Reached skill level 4 in Fighting
   987 | D:2      | Found Nuisk's Weapon Shoppe.
  1027 | D:2      | Reached XP level 3. HP: 32/33 MP: 2/2
  1102 | D:2      | Reached skill level 1 in Long Blades
  1590 | D:2      | Bought a +0 long sword for 49 gold pieces
  1838 | D:3      | Reached XP level 4. HP: 41/41 MP: 3/3
  2267 | D:3      | Found a faded altar of an unknown god.
  2873 | D:5      | Entered Level 5 of the Dungeon
  2873 | D:5      | Noticed a scorpion
  2880 | D:5      | Reached XP level 5. HP: 46/47 MP: 4/4
  2881 | D:5      | Reached skill level 5 in Fighting
  2949 | D:5      | Identified the +1 robe of Context {Str+3}
  3002 | D:4      | Found a staircase to the Ecumenical Temple.
  3018 | D:4      | Slain by a gnoll

Illustrated notes

Levels and vault maps discovered:
D:1:      dpeg_arrival_pond, layout_basic
D:2:      cheibrodos_greedy_goblins, layout_loops_ring, serial_shops, shop
D:3:      layout_basic, shapermc_ecumenical_altar_totnotflames
D:4:      layout_rooms, minmay_temple_entry_sparse_star, serial_corexii_hall,
          corexii_hall_statues_l, corexii_hall_statues_i,
          chequers_hall_statues_wall_a, corexii_hall_statues_t,
          saegor_snake_ambush
D:5:      minmay_opposing_rooms, layout_basic, general_overflow_altar,
          cheibrodos_ashenzari_chains

Skill      XL: |  1  2  3  4  5 |
---------------+----------------+-----
Fighting       | 4 5 |  5.4
Long Blades    | 1 2 |  2.6
Armour         | 4 |  4.5
Shields        | 4 |  4.5
Short Blades   | 3 |  3.3

Action                   |  1- 3 |  4- 6 || total
-------------------------+-------+-------++-------
Melee: Rapier            |   142 |       ||   142
       Headbutt          |    25 |    10 ||    35
       Long sword        |    11 |    84 ||    95
Armor: Chain mail        |    59 |   102 ||   161
       Scale mail        |     5 |       ||     5
Dodge: Dodged            |    38 |    56 ||    94
Block: Buckler           |    51 |    54 ||   105
